 Dungeon Crawl Stone Soup version 0.28.0 (webtiles) character file.

Game seed: 17584858922601401808

9 SnakkuSnakku7 the Skirmisher (level 2, 0/24 HPs)
             Began as a Mummy Cinder Acolyte on Feb 11, 2022.
             Was a High Priest of Ignis.
             Slain by a jackal (2 damage)
             ... on level 1 of the Dungeon.
             The game lasted 00:00:25 (303 turns).

SnakkuSnakku7 the Skirmisher (Mummy Cinder Acolyte)  Turns: 303, Time: 00:00:26

Health: 0/24       AC:  2    Str: 17    XL:     2   Next: 6%
Magic:  4/4        EV: 11    Int: 13    God:    Ignis [*****.]
Gold:   6          SH:  0    Dex:  7    Spells: 3/3 levels left

rFire   . . .      SeeInvis .   a - -1 mace (flame)
rCold   + . .      Faith    .   (no shield)
rNeg    + + +      Spirit   .   b - +0 robe
rPois   ∞          Reflect  .   (no helmet)
rElec   .          Harm     .   (no cloak)
rCorr   .          Rampage  .   (no gloves)
Will    .....                   (no boots)
Stlth   +.........              (no amulet)
HPRegen 0.08/turn               (no ring)
MPRegen 0.09/turn               (no ring)

@: no status effects
A: cold resistance 1, negative energy resistance 3, torment resistance 2, heat
vulnerability 1, no potions
a: Renounce Religion, Fiery Armour, Foxfire Swarm, Rising Flame


You were on level 1 of the Dungeon.
You worshipped Ignis.
Ignis was extremely pleased with you.
You visited 1 branch of the dungeon, and saw 1 of its levels.

You collected 6 gold pieces.

Inventory:

Hand Weapons
 a - a -1 mace of flaming (weapon)
Armour
 b - a +0 robe (worn)
Scrolls
 c - a scroll of enchant weapon {unknown}
 d - a scroll of identify {unknown}
 e - a scroll of brand weapon {unknown}


   Skills:
 - Level 3.0 Fighting
 - Level 2.4 Maces & Flails
 - Level 1.3 Spellcasting
 + Level 3.0 Fire Magic


You had 3 spell levels left.
You didn't know any spells.
Your spell library contained the following spells:

 Spells                   Type           Power      Damage    Failure   Level
 Scorch                   Fire           16%        2d6       12%         2


Dungeon Overview and Level Annotations

Branches:
Dungeon (1/15)

Altars:


Innate Abilities, Weirdness & Mutations

You are immune to poison.
Your flesh is cold resistant. (rC+)
You are immune to negative energy. (rN+++)
You are immune to unholy pain and torment.
You are vulnerable to heat. (rF-)
You do not drink.


Message History

You miss the jackal.
The jackal is severely wounded.
The jackal bites you but does no damage. x2
You barely miss the jackal.
The jackal is severely wounded.
The jackal bites you.
You barely miss the jackal.
The jackal is severely wounded.
The jackal misses you.
The jackal bites you but does no damage.
You closely miss the jackal.
The jackal is severely wounded.
The jackal barely misses you. x2
You miss the jackal.
The jackal is heavily wounded.
The jackal closely misses you. The jackal bites you.
You closely miss the jackal.
The jackal is heavily wounded.
The jackal bites you. The jackal closely misses you.
You closely miss the jackal.
The jackal is heavily wounded.
The jackal bites you but does no damage.
The jackal bites you.
* * * LOW HITPOINT WARNING * * *
You closely miss the jackal.
The jackal is heavily wounded.
The jackal bites you.
* * * LOW HITPOINT WARNING * * *
You barely miss the jackal.
The jackal is heavily wounded.
The jackal bites you.
* * * LOW HITPOINT WARNING * * *
The jackal barely misses you.
You closely miss the jackal.
The jackal is heavily wounded.
The jackal closely misses you. x2
You closely miss the jackal.
The jackal is heavily wounded.
The jackal misses you. The jackal bites you.
You die...

...... #######
#....... ......#
..#..#..#..#...#
#..#..#..#..#..#
#..#.$#..#....#
#..#..#..#...#
#..#..#..#..#..#
.......h@......#
##...####.#.#..#
#.. #.#...## #
##†###.####
#.........#
#.####..######.#
#.........# #
##......#.#
######†#.#


You could see a jackal.

Vanquished Creatures
  A dart slug (D:1)
  2 hobgoblins (D:1)
  3 jackals (D:1)
6 creatures vanquished.

Notes
Turn   | Place    | Note
-------+----------+-------------------------------------------
     0 | D:1      | SnakkuSnakku7 the Mummy Cinder Acolyte began the quest for
                  | the Orb.
     0 | D:1      | Reached XP level 1. HP: 18/18 MP: 2/2
   290 | D:1      | Reached XP level 2. HP: 14/24 MP: 4/4
   303 | D:1      | Slain by a jackal

Illustrated notes

Levels and vault maps discovered:
D:1:      dpeg_arrival_houses_and_road, layout_loops_ring,
          chequers_ecumenical_altar_lobes, minmay_misc_feat_diagonals

Skill      XL: |  1 |
---------------+----+-----
Fire Magic     | 3 |  3.0
Fighting       | |  3.0
Maces & Flails | |  2.4
Spellcasting   | |  1.3

Action                   || total
-------------------------++-------
Melee: Mace              ||    34
       Punch             ||     1
Armor: Robe              ||     8
Dodge: Dodged            ||    25
